 Dungeon Crawl Stone Soup version 0.26-a0-1205-g4083c211ab (webtiles) character file.

Game seed: 6770226197402595753

417 voltaire321 the Insei (level 6, -2/41 HPs)
             Began as an Octopode Transmuter on Dec 29, 2020.
             Slain by a sky beast (6 damage)
             ... on level 5 of the Dungeon.
             The game lasted 00:17:51 (5502 turns).

voltaire321 the Insei (Octopode Transmuter)         Turns: 5502, Time: 00:17:51

Health: -2/41      AC:  1    Str:  9    XL:     6   Next: 92%
Magic:  9/10       EV: 14    Int: 15    God:
Gold:   195        SH:  0    Dex: 15    Spells: 5/11 levels left

rFire    . . .     SeeInvis .     - Unarmed
rCold    . . .     Faith    .   (no shield)
rNeg     . . .     Spirit   .   (helmet currently unavailable)
rPois    .         Reflect  .   (no amulet)
rElec    .         Harm     .   (no ring)
rCorr    .         Rampage  .   (no ring)
Will     .....                  (no ring)
Stlth    ++........             (no ring)
HPRegen  0.13/turn              (no ring)
MPRegen  0.12/turn              (no ring)
                                (no ring)
                                (no ring)

@: appendages
A: almost no armour, stealthy swim, amphibious, 8 rings, constrict 8, tentacle
spike 3, camouflage 1, gelatinous body 1
a: End Transformation


You were on level 5 of the Dungeon.
One of your tentacles had a temporary spike.
You visited 1 branch of the dungeon, and saw 5 of its levels.

You collected 195 gold pieces.

Inventory:

Missiles
 b - 19 poisoned darts
 i - 3 boomerangs (quivered)
 u - 3 silver javelins
Armour
 s - a +0 buckler
Wands
 l - a wand of acid (8)
Scrolls
 a - a scroll of identify
 d - 2 scrolls of teleportation
 e - 2 scrolls of enchant armour {unknown}
 f - 3 scrolls of fear {unknown}
 g - 2 scrolls of remove curse {unknown}
 j - a scroll of random uselessness {unknown}
 o - a scroll of blinking {unknown}
 p - a scroll of amnesia {unknown}
Potions
 c - a potion of cancellation
 h - a potion of flight
 k - a potion of mutation
 m - 3 potions of lignification
 n - a potion of magic
 q - 2 potions of curing
 r - a potion of brilliance
 t - 2 potions of berserk rage


   Skills:
 + Level 2.6 Fighting
 + Level 1.9 Throwing
 + Level 3.1 Dodging
 + Level 1.2 Shields
 + Level 3.9 Unarmed Combat
 + Level 3.0 Spellcasting
 + Level 3.2 Transmutations
 + Level 2.4 Poison Magic


You had 5 spell levels left.
You knew the following spells:

 Your Spells              Type           Power        Failure   Level
a - Beastly Appendage     Tmut           24%          5%          1
b - Wereblood             Tmut           12%          8%          2
c - Spider Form           Tmut/Pois      5%           19%         3

Your spell library contained the following spells:

 Spells                   Type           Power        Failure   Level
 Ice Form                 Ice/Tmut       7%           71%         4
 Blade Hands              Tmut           6%           82%         5
 Animate Dead             Necr           1%           89%         4
 Borgnjor's Vile Clutch   Necr/Erth      1%           99%         5
 Death Channel            Necr           1%           100%        6
 Simulacrum               Ice/Necr       1%           100%        6


Dungeon Overview and Level Annotations

Branches:
Dungeon (5/15)
 Temple: D:4-7

Altars:
Cheibriados
Okawaru
Sif Muna
Zin

Annotations:
D:2 1 runed translucent door, Crazy Yiuf, Sigmund


Innate Abilities, Weirdness & Mutations

You cannot wear most types of armour.
You are very stealthy in the water. (Stealth+)
You are amphibious.
You can wear up to eight rings at the same time.
You can use your tentacles to constrict eight enemies at once.
Your skin changes colour to match your surroundings (Stealth+).
Your rubbery body absorbs attacks. (AC +1, EV +1)
One of your tentacles bears a large vicious spike.


Message History

Something hits you. Something shocks you.
Casting: Beastly Appendage (safe; 5% risk of failure)
Confirm with . or Enter, or press ? or * to list all spells.
One of your tentacles grows a vicious spike.
Something hits you. Something shocks you.
Unknown command.
You closely miss something. Something barely misses you.
You tentacle-slap something.
You tentacle-slap something but do no damage.
Something hits you but does no damage.
You barely miss something. Your squeeze misses something. Something hits you.
Something shocks you.
You tentacle-slap something but do no damage.
Your tentacle spike misses something.
Your squeeze misses something. Something hits you. Something shocks you.
* * * LOW HITPOINT WARNING * * *
You closely miss something. You squeeze something. Something hits you.
* * * LOW HITPOINT WARNING * * *
Something shocks you.
You die...

#####
#@{.#
#......#
#.###..#
.. ..#
..> (.#
## #..
... .###


There were no monsters in sight!

Vanquished Creatures
  A scorpion (D:4)
  A howler monkey (D:4)
  2 orc wizards (D:3)
  A bullfrog skeleton (D:4)
  An iguana (D:4)
  2 worker ants (D:4)
  5 adders
  4 dart slugs
  3 leopard geckos
  15 orcs
  5 giant cockroaches
  7 goblins
  11 hobgoblins
  4 jackals
  8 kobolds
  5 quokkas
  13 bats
  6 frilled lizards
  9 rats
103 creatures vanquished.

Notes
Turn   | Place    | Note
-------+----------+-------------------------------------------
     0 | D:1      | voltaire321 the Octopode Transmuter began the quest for the
                  | Orb.
     0 | D:1      | Reached XP level 1. HP: 13/13 MP: 3/3
   144 | D:1      | Reached XP level 2. HP: 16/18 MP: 3/5
   227 | D:1      | Learned a level 2 spell: Wereblood
   530 | D:1      | Reached XP level 3. HP: 15/23 MP: 4/6
  1297 | D:2      | Reached XP level 4. HP: 17/29 MP: 5/7
  1736 | D:2      | Learned a level 3 spell: Spider Form
  1872 | D:2      | Found an iron altar of Okawaru.
  2142 | D:2      | Found a runed translucent door.
  2143 | D:2      | Noticed Crazy Yiuf
  2269 | D:2      | Noticed Sigmund
  2345 | D:2      | Found a glowing silver altar of Zin.
  2618 | D:3      | Reached skill level 1 in Poison Magic
  2618 | D:3      | Reached XP level 5. HP: 22/34 MP: 6/8
  2803 | D:3      | Reached skill level 1 in Throwing
  3253 | D:3      | Found an iron altar of Okawaru.
  4198 | D:4      | Found a shimmering blue altar of Sif Muna.
  4200 | D:4      | Found a snail-covered altar of Cheibriados.
  4226 | D:4      | Reached XP level 6. HP: 30/40 MP: 8/10
  4952 | D:4      | Reached skill level 1 in Shields
  5467 | D:5      | Entered Level 5 of the Dungeon
  5489 | D:5      | Noticed a sky beast
  5502 | D:5      | Slain by a sky beast

Illustrated notes

Levels and vault maps discovered:
D:1:      dpeg_arrival_tiny_a, layout_loops_ring
D:2:      wander_river, layout_rooms, nzn_hepliaklqana_mist_gate,
          lemuel_coloured_pillars_altar, chequers_serial_rivers_micro_a,
          chequers_serial_rivers_micro_b, corexii_item_surrounded_by_moat,
          okawaru_altar_gauntlet_db, uniq_sigmund, uniq_crazy_yiuf_cottage
D:3:      minmay_razor_zed, layout_loops_ring, marbit_many_paths,
          minmay_misc_feat_alley
D:4:      minmay_clustersquares, layout_basic,
          chequers_temple_overflow_statue_of_worship
D:5:      layout_basic, nicolae_ru_great_annihilating_truth, uniq_menkaure,
          uniq_prince_ribbit1, uniq_blork_the_orc

Skill      XL: |  1  2  3  4  5  6 |
---------------+-------------------+-----
Fighting       | 2 |  2.6
Poison Magic   | 1 2 |  2.4
Throwing       | 1 |  1.9
Transmutations | 3 |  3.2
Dodging        | 3 |  3.1
Shields        | 1 |  1.2
Spellcasting   | 3 |  3.0
Unarmed Combat | |  3.9

Action                   |  1- 3 |  4- 6 || total
-------------------------+-------+-------++-------
Melee: Unarmed           |    70 |   157 ||   227
       Constrict         |    18 |    47 ||    65
       Kick              |    18 |    28 ||    46
       Tentacles         |    12 |    31 ||    43
       Punch             |       |     4 ||     4
Throw: Boomerang         |    10 |    61 ||    71
 Cast: Beastly Appendage |    19 |    31 ||    50
       Wereblood         |       |     1 ||     1
Evoke: Wand              |       |     2 ||     2
  Use: Scroll            |       |     8 ||     8
       Potion            |       |     1 ||     1
 Stab: Sleeping          |     3 |     5 ||     8
Armor: Skin              |    10 |    12 ||    22
Dodge: Dodged            |    54 |    87 ||   141

Table legend: (Time is in decaauts)
 A = Elapsed time spent in this place.
 B = Non-inter-level travel time spent in this place.
 C = Inter-level travel time spent in this place.
 D = Time resting spent in this place.
 E = Time spent auto-exploring this place.
 F = Levels seen in this place.
 G = Mean time per level.
                   A        B        C        D        E       F      G
               +--------+--------+--------+--------+--------+-----+--------+
         Total |   5506 |   5317 |    189 |   2076 |   2054 |   5 | 1101.2 |
       Dungeon |   5506 |   5317 |    189 |   2076 |   2054 |   5 | 1101.2 |
               +--------+--------+--------+--------+--------+-----+--------+

Top non-repeatable levels by time:
     D:3: 1782 daAuts
     D:2: 1489 daAuts
     D:4: 1300 daAuts
     D:1: 918 daAuts
     D:5: 15 daAuts
